 Dungeon Crawl Stone Soup version 0.21.1-1-g345015fe64 (webtiles) character file.

262 DildoBatman the Skirmisher (level 6, -1/49 HPs)
             Began as a Formicid Enchanter on Apr 10, 2018.
             Killed by nerve-wracking pain
             ... invoked by an orc priest
              (13 damage)
             ... on level 3 of the Dungeon.
             The game lasted 00:09:30 (5258 turns).

DildoBatman the Skirmisher (Formicid Enchanter)     Turns: 5258, Time: 00:09:31

Health: -1/49      AC:  5    Str: 15    XL:     6   Next: 42%
Magic:  8/9        EV: 11    Int: 14    God:
Gold:   159        SH:  0    Dex: 11    Spells: 5/9 levels left

rFire    . . .     SeeInvis +   b - +0 mace
rCold    . . .     Gourm    .   (no shield)
rNeg     . . .     Faith    .   o - +0 ring mail
rPois    .         Spirit   .   (helmet unavailable)
rElec    .         Reflect  .   (no cloak)
rCorr    .         Harm     .   (no gloves)
MR       .....                  (no boots)
Stlth    ++........             (no amulet)
HPRegen  0.16/turn              d - ring of teleportation (curse)
MPRegen  0.11/turn              (no ring)

@: lethally poisoned (-1 -> -5)
A: permanent stasis, dig shafts and tunnels, four strong arms, antennae 3
a: Dig, Shaft Self


You were on level 3 of the Dungeon.
You were hungry.

You visited 1 branch of the dungeon, and saw 4 of its levels.

You collected 159 gold pieces.

Inventory:

Hand Weapons
 a - a +1 dagger
 b - a +0 mace (weapon)
Missiles
 e - 112 stones (quivered)
 g - 68 arrows
 m - 14 bolts
 q - 13 poisoned needles
Armour
 f - a +0 shield
 o - a +0 ring mail (worn)
Jewellery
 d - a cursed ring of teleportation (left hand)
 s - an uncursed amulet of harm {unknown}
 u - an uncursed ring of fire {unknown}
Scrolls
 i - 3 scrolls of identify {unknown}
 j - a scroll of noise {unknown}
 n - 3 scrolls of remove curse {unknown}
 r - 2 scrolls of fear {unknown}
 w - a scroll of enchant armour {unknown}
 x - a scroll of blinking {unknown}
 y - a scroll of amnesia {unknown}
Potions
 h - a potion of lignification {unknown}
 k - a potion of curing {unknown}
 l - a potion of mutation {unknown}
 p - a potion of resistance {unknown}
Books
 c - a book of Maledictions

   Spells                             Type                      Level
   a - Corona                         Hexes                        1
   b - Ensorcelled Hibernation        Hexes/Ice                    2
   c - Confuse                        Hexes                        3
   d - Tukima's Dance                 Hexes                        3
   e - Dazzling Spray                 Conjuration/Hexes            3
Comestibles
 v - 7 rations


   Skills:
 * Level 4.7 Fighting
 - Level 1.0 Short Blades
 * Level 3.6 Armour
 - Level 2.0 Dodging
 - Level 4.0 Stealth
 - Level 2.1 Spellcasting
 - Level 3.6 Hexes


You had 5 spell levels left.
You knew the following spells:

 Your Spells              Type           Power        Failure   Level  Hunger
a - Corona                Hex            ##.....      10%         1    #......
b - Confuse               Hex            ##......     30%         3    ###....


Dungeon Overview and Level Annotations

Branches:
Dungeon (4/15)
 Temple: D:4-7

Altars:
Ashenzari
Nemelex Xobeh
Vehumet

Annotations:
D:4 exclusion: scorpion


Innate Abilities, Weirdness & Mutations

You cannot be hasted, slowed, berserked, paralysed or teleported.
You can dig through walls and to a lower floor.
Your four strong arms can wield two-handed weapons with a shield.
You have a pair of large antennae on your head. (SInv)


Message History

The orc priest hits you but does no damage.
You hit the orc priest.
The orc priest is moderately wounded.
You feel sick. The orc priest barely misses you.
You sock the orc priest!
The orc priest is severely wounded.
You feel sick. The orc priest closely misses you.
The orc priest hits you but does no damage.
You barely miss the orc priest.
The orc priest is severely wounded.
The orc priest stops glowing.
The orc priest looks satisfied for a moment.
You closely miss the orc priest.
The orc priest is severely wounded.
You feel sick.
The orc priest calls down the wrath of Beogh upon you.
Pain shoots through your body!
You die...

####.######.......###...###
#######.........#.#.##
##.## #............#....#.#
#..# #.#####.####.#.####.#
#.## #.# #....#.#......#
#.# #.#####....#.#.####.#
#)# ...........#.#.# #.#
#.# .........).....####.#
#.# ..###....<>.#..#@##.#
#.# #.# #........o###o#.#
#.# #.# ###....#.#.#.##.#
#.# #.# #....#..#o###.# #.#
#.#####.............# #.#
.............###########.#
#######...........รท......#
# #################### #


You could see an orc priest.

Vanquished Creatures
  An orc wizard (D:2)
  A hound skeleton (D:3)
  12 adders
  3 oozes (D:1)
  An adder skeleton (D:4)
  A worm (D:3)
  A dart slug (D:2)
  7 orcs
  8 bats
  3 giant cockroaches
  15 goblins
  8 hobgoblins
  4 jackals (D:3)
  10 kobolds
  3 quokkas
  3 ball pythons (D:2)
  4 frilled lizards
  8 rats
93 creatures vanquished.

Vanquished Creatures (others)
  A bat (D:2)
1 creature vanquished.

Grand Total: 94 creatures vanquished

Notes
Turn   | Place    | Note
-------+----------+-------------------------------------------
     0 | D:1      | DildoBatman the Formicid Enchanter began the quest for the Orb.
     0 | D:1      | Reached XP level 1. HP: 13/13 MP: 3/3
    21 | D:1      | Reached skill level 1 in Fighting
   496 | D:1      | Reached XP level 2. HP: 16/21 MP: 1/5
   897 | D:1      | Reached XP level 3. HP: 24/28 MP: 4/6
   940 | D:1      | Learned a level 3 spell: Confuse
  1589 | D:2      | Reached XP level 4. HP: 27/35 MP: 4/7
  1617 | D:2      | Reached skill level 1 in Armour
  1824 | D:2      | Found a sparkling altar of Nemelex Xobeh.
  2323 | D:2      | Found a shattered altar of Ashenzari.
  2373 | D:2      | Found a radiant altar of Vehumet.
  2749 | D:2      | Reached XP level 5. HP: 32/41 MP: 4/8
  3995 | D:2      | Reached XP level 6. HP: 21/48 MP: 9/9
  5258 | D:3      | Killed from afar by an orc priest

Skill      XL: |  1  2  3  4  5 |
---------------+----------------+-----
Fighting       | 1 2 3 4 |  4.7
Dodging        | 2 |  2.0
Armour         | 2 3 |  3.6
Stealth        | 4 |  4.0
Short Blades   | |  1.0
Spellcasting   | |  2.1
Hexes          | |  3.6

Action                   |  1- 3 |  4- 6 || total
-------------------------+-------+-------++-------
Melee: Dagger            |   150 |   362 ||   512
       Mace              |       |    11 ||    11
 Cast: Corona            |    16 |    62 ||    78
 Abil: Dig               |     3 |     3 ||     6
 Stab: Sleeping          |     5 |     4 ||     9
  Eat: Chunk             |     3 |    13 ||    16
Armor: Robe              |    18 |       ||    18
       Leather armour    |    32 |    11 ||    43
       Ring mail         |       |   114 ||   114
Dodge: Dodged            |    96 |   220 ||   316
